 Dungeon Crawl Stone Soup version 0.25-a0-294-gea9b1ad378 (webtiles) character file.

Game seed: 13421750447903060969, levelgen mode: deterministic

10 MoonlitKnight the Charmwright (level 2, -1/26 HPs)
             Began as a Gnoll Skald on Dec 18, 2019.
             Slain by a worm (7 damage)
             ... on level 2 of the Dungeon.
             The game lasted 00:00:31 (774 turns).

MoonlitKnight the Charmwright (Gnoll Skald)          Turns: 774, Time: 00:00:32

Health: -1/26      AC:  3    Str: 13    XL:     2   Next: 20%
Magic:  7/7        EV: 14    Int: 15    God:
Gold:   19         SH:  0    Dex: 14    Spells: 9/10 levels left

rFire    . . .     SeeInvis .   a - +0 spear
rCold    . . .     Gourm    .   (no shield)
rNeg     . . .     Faith    .   b - +0 leather armour
rPois    .         Spirit   .   (no helmet)
rElec    .         Reflect  .   (no cloak)
rCorr    .         Harm     .   (no gloves)
MR       .....                  (no boots)
Stlth    +.........             (no amulet)
HPRegen  0.08/turn              (no ring)
MPRegen  0.10/turn              (no ring)

@: no status effects
A: distributed training, fangs 1, strong nose
a: no special abilities


You were on level 2 of the Dungeon.
You were not hungry.

You visited 1 branch of the dungeon, and saw 2 of its levels.

You collected 19 gold pieces.

Inventory:

Hand Weapons
 a - a +0 spear (weapon)
Armour
 b - a +0 leather armour (worn)
Scrolls
 e - a scroll of teleportation {unknown}
Potions
 c - a potion of resistance {unknown}
 g - a potion of degeneration {unknown}
Comestibles
 d - a ration


   Skills:
 + Level 4.4 Fighting
 + Level 0.3 Short Blades
 + Level 0.3 Long Blades
 + Level 0.3 Axes
 + Level 0.3 Maces & Flails
 + Level 4.4 Polearms
 + Level 0.3 Staves
 + Level 0.3 Slings
 + Level 0.3 Bows
 + Level 0.3 Crossbows
 + Level 0.3 Throwing
 + Level 2.4 Armour
 + Level 4.4 Dodging
 + Level 0.3 Stealth
 + Level 0.3 Shields
 + Level 0.3 Unarmed Combat
 + Level 4.9 Spellcasting
 + Level 0.2 Conjurations
 + Level 0.2 Hexes
 + Level 5.3 Charms
 + Level 0.2 Summonings
 + Level 0.2 Necromancy
 + Level 0.2 Translocations
 + Level 0.2 Transmutations
 + Level 0.2 Fire Magic
 + Level 0.2 Ice Magic
 + Level 0.2 Air Magic
 + Level 0.2 Earth Magic
 + Level 0.2 Poison Magic
 + Level 0.4 Invocations
 + Level 0.3 Evocations


You had 9 spell levels left.
You knew the following spells:

 Your Spells              Type           Power        Failure   Level  Hunger
a - Infusion              Chrm           ###.         2%          1    None

Your spell library contained the following spells:

 Spells                   Type           Power        Failure   Level  Hunger
 Song of Slaying          Chrm           ###.....     3%          2    ##.....
 Shroud of Golubria       Chrm/Tloc      ##....       10%         2    ##.....
 Regeneration             Chrm/Necr      ##........   21%         3    ###....
 Spectral Weapon          Hex/Chrm       ##......     21%         3    ###....


Dungeon Overview and Level Annotations

Branches:
Dungeon (2/15)

Altars:


Innate Abilities, Weirdness & Mutations

Your experience applies equally to all skills.
You have very sharp teeth.
Your uncanny sense of smell can sniff out nearby items.


Message History

You hit the worm but do no damage.
The worm is heavily wounded.
You hit the worm.
The worm is severely wounded.
The worm bites you but does no damage.
You hit the worm.
The worm is severely wounded.
The worm bites you but does no damage.
You hit the worm but do no damage.
The worm is severely wounded.
You hit the worm.
The worm is severely wounded.
The worm bites you!
* * * LOW HITPOINT WARNING * * *
You barely miss the worm.
The worm is severely wounded.
You hit the worm.
The worm is severely wounded.
The worm bites you!
You die...

#######+##
#........#
##........####+
............(..
#....w....#
#....†@<..#
###..#<.#.# #.
#.## # # ∆#..
### ∆


You could see a worm.

Vanquished Creatures
  2 giant cockroaches (D:1)
  A goblin (D:1)
  A hobgoblin (D:1)
  2 ball pythons
  2 bats (D:1)
  A kobold (D:1)
  2 rats (D:1)
11 creatures vanquished.

Notes
Turn   | Place    | Note
-------+----------+-------------------------------------------
     0 | D:1      | MoonlitKnight the Gnoll Skald began the quest for the Orb.
     0 | D:1      | Reached XP level 1. HP: 20/20 MP: 6/6
   223 | D:1      | Reached XP level 2. HP: 26/26 MP: 7/7
   774 | D:2      | Slain by a worm

Levels and vault maps discovered:
D:1:      minmay_arrival_cross, layout_basic, chequers_garden,
          corexii_item_surrounded_by_moat, minmay_misc_feat_rows
D:2:      layout_basic, overflow_temple_1_default

Action                   || total
-------------------------++-------
Melee: Spear             ||    43
       Bite              ||     1
 Stab: Sleeping          ||     1
Armor: Leather armour    ||     5
Dodge: Dodged            ||    19

Table legend:
 A = Non-vault XP
 B = Vault XP
 C = Vault XP percentage of total XP
 D = Non-vault monster count
 E = Vault monster count
 F = Vault count percentage of total count
                 A         B        C        D         E       F
            +---------+---------+-------+---------+---------+-------
      Total |      15 |       0 |   0.0 |      11 |       0 |   0.0
            +---------+---------+-------+---------+---------+-------
        D:1 |      14 |       0 |   0.0 |      10 |       0 |   0.0
        D:2 |       1 |       0 |   0.0 |       1 |       0 |   0.0
            +---------+---------+-------+---------+---------+-------
